[Event "Titled Tuesday Blitz October 31 Late 2023"]
[White "Gubajdullin, Alexei"]
[Black "Jaskolka, Tomasz"]
[WhiteFideId "4141202"]
[BlackFideId "1170791"]
[WhiteElo "2704"]
[BlackElo "2569"]
[Result "0-1"]
[Round "6"]
[TimeControl "180+1"]
[Date "2023.10.31"]
[WhiteClock "0:00:16"]
[BlackClock "0:00:13"]
[Board "46"]

1. d4 d5 2. Nf3 Nf6 3. Bf4 g6 4. Nbd2 Bg7 5. e3 O-O 6. Be2 c5 7. c3 b6 8. O-O Ba6 9. Bxa6 Nxa6 10. a4 Nb8 11. a5 Nc6 12. axb6 axb6 13. Qb3 Na5 14. Qb5 c4 15. Ne5 Nh5 16. b4 cxb3 17. Nxb3 Nxf4 18. Nxa5 Rxa5 19. Rxa5 bxa5 20. exf4 Qc7 21. Rc1 e6 22. h4 Ra8 23. Qa4 h5 24. g3 Bxe5 25. fxe5 Qc4 26. Qa3 a4 27. Rb1 Rc8 28. Rb4 Qxc3 29. Qxa4 Qe1+ 30. Kg2 Rc1 31. g4 Qh1+ 32. Kg3 Rc3+ 33. Kf4 Qf3+ 34. Kg5 Qxg4+ 35. Kf6 Qxh4# 0-1


[Site "https://www.chess.com"]

[Event "Titled Tuesday Blitz October 31 Late 2023"]
[White "Blomqvist, Erik"]
[Black "Tanenbaum, Zachary"]
[WhiteFideId "1709437"]
[BlackFideId "2060850"]
[WhiteElo "2564"]
[BlackElo "2704"]
[Result "0-1"]
[Round "6"]
[TimeControl "180+1"]
[Date "2023.10.31"]
[WhiteClock "0:00:00"]
[BlackClock "0:00:09"]
[Board "47"]

1. e4 e5 2. Nf3 Nc6 3. Bb5 a6 4. Ba4 d6 5. O-O Nf6 6. Bxc6+ bxc6 7. d4 exd4 8. Nxd4 Bd7 9. c4 Be7 10. Nc3 O-O 11. Bf4 Re8 12. h3 c5 13. Nf3 Bc6 14. Re1 Bf8 15. Qd3 a5 16. Rad1 Qb8 17. e5 Nh5 18. Ng5 g6 19. Bh2 dxe5 20. Nd5 h6 21. Nxf7 Kxf7 22. Bxe5 Bg7 23. Bxg7 Kxg7 24. Qc3+ Kh7 25. Rxe8 Qxe8 26. g4 Bxd5 0-1


[Site "https://www.chess.com"]

[Event "Titled Tuesday Blitz October 31 Late 2023"]
[White "Aldokhin, Ivan"]
[Black "Annaberdiyev, Meylis"]
[WhiteFideId "24115720"]
[BlackFideId "14000563"]
[WhiteElo "2558"]
[BlackElo "2697"]
[Result "0-1"]
[Round "6"]
[TimeControl "180+1"]
[Date "2023.10.31"]
[WhiteClock "0:00:00"]
[BlackClock "0:00:09"]
[Board "48"]

1. e4 c5 2. Nf3 Nc6 3. d4 cxd4 4. Nxd4 e5 5. Nb5 d6 6. N1c3 a6 7. Na3 Be7 8. Nc4 b5 9. Ne3 Nf6 10. Bd3 O-O 11. a4 b4 12. Ncd5 Rb8 13. Nxe7+ Nxe7 14. O-O Bb7 15. f3 d5 16. exd5 Nfxd5 17. Nc4 Qc7 18. Qe1 Nc6 19. Qe4 Nf6 20. Qh4 Ne7 21. Bg5 Ng6 22. Qf2 e4 23. fxe4 Nxe4 24. Qf5 Rbe8 25. Rae1 Bc8 26. Qd5 Qa7+ 27. Be3 Qe7 28. Bd4 Bb7 29. Qf5 Qd8 30. Bb6 Qd5 31. Qxd5 Bxd5 32. Bxe4 Rxe4 33. Nd6 Rxe1 34. Rxe1 h6 35. b3 Rb8 36. Bc5 Nf4 37. Rd1 Be6 38. Rd2 Nd5 39. Nc4 Rc8 40. Bd6 Rc6 41. Be5 f6 42. Bg3 f5 43. Bf2 f4 44. Ne5 Rc8 45. Nd3 Bf5 46. Nc5 Nc3 0-1


[Site "https://www.chess.com"]

[Event "Titled Tuesday Blitz October 31 Late 2023"]
[White "Tokhirjonova, Gulrukhbegim"]
[Black "Golubev, Mikhail"]
[WhiteFideId "14203626"]
[BlackFideId "14100983"]
[WhiteElo "2690"]
[BlackElo "2549"]
[Result "1-0"]
[Round "6"]
[TimeControl "180+1"]
[Date "2023.10.31"]
[WhiteClock "0:02:03"]
[BlackClock "0:00:01"]
[Board "49"]

1. Nf3 d6 2. d4 Nf6 3. Bf4 g6 4. Nc3 c6 5. e4 b5 6. Bd3 Nbd7 7. Qd2 a5 8. h3 Nb6 9. O-O b4 10. Ne2 Ba6 11. b3 Bg7 12. Rfe1 O-O 13. Bh6 d5 14. Bxg7 Kxg7 15. Ng3 Bxd3 16. cxd3 e6 17. Rac1 Nfd7 18. Rxc6 Qe7 19. Rec1 Rfc8 20. Ne2 Rxc6 21. Rxc6 Rc8 22. Qc2 Rxc6 23. Qxc6 h6 24. h4 g5 25. hxg5 hxg5 26. Ng3 g4 27. Nd2 Qg5 28. Ndf1 Qf4 29. Nh5+ 1-0


[Site "https://www.chess.com"]

[Event "Titled Tuesday Blitz October 31 Late 2023"]
[White "Leiva, Gianmarco"]
[Black "dodoucb"]
[WhiteFideId "3804399"]
[WhiteElo "2688"]
[BlackElo "2545"]
[Result "1-0"]
[Round "6"]
[TimeControl "180+1"]
[Date "2023.10.31"]
[WhiteClock "0:00:49"]
[BlackClock "0:01:02"]
[Board "50"]

1. e4 c6 2. d4 d5 3. e5 Bf5 4. Be2 e6 5. Nf3 Nd7 6. O-O Ne7 7. c3 c5 8. Nbd2 Nc6 9. Re1 Be7 10. Nf1 O-O 11. Ng3 Bg6 12. Bd3 Bxd3 13. Qxd3 Qa5 14. Bg5 Rfc8 15. Bxe7 Nxe7 16. Ng5 Ng6 17. h4 Qa6 18. Qf3 Nb8 19. Qxf7+ 1-0


[Site "https://www.chess.com"]

[Event "Titled Tuesday Blitz October 31 Late 2023"]
[White "Janaszak, Dawid"]
[Black "Sreyas Payyappat"]
[WhiteFideId "1119206"]
[BlackFideId "46674969"]
[WhiteElo "2683"]
[BlackElo "2543"]
[Result "1-0"]
[Round "6"]
[TimeControl "180+1"]
[Date "2023.10.31"]
[WhiteClock "0:01:01"]
[BlackClock "0:00:03"]
[Board "51"]

1. e4 c6 2. d4 d5 3. exd5 cxd5 4. Bd3 Nc6 5. c3 Qc7 6. Ne2 Bg4 7. O-O e6 8. Qe1 g6 9. Nf4 O-O-O 10. f3 Bf5 11. b4 Be7 12. b5 Na5 13. Bxf5 gxf5 14. Nd3 Bd6 15. Qh4 Ne7 16. Bg5 h6 17. Bf4 Ng6 18. Bxd6 Qxd6 19. Qg3 f4 20. Qe1 Rhg8 21. Nd2 Ne7 22. Qe5 Qxe5 23. Nxe5 Nf5 24. Nd3 Nd6 25. a4 Ndc4 26. Nxc4 dxc4 27. Nxf4 Nb3 28. Rae1 a6 29. Re5 Rg5 30. Rfe1 Kc7 31. bxa6 bxa6 32. h4 Rxe5 33. Rxe5 Rb8 34. Rh5 Rh8 35. g4 Kd6 36. g5 Nd2 37. Kf2 Rb8 38. gxh6 Ke7 39. h7 Rh8 40. d5 Nb3 41. dxe6 fxe6 42. Ng6+ Kf6 43. Nxh8 Kg7 44. Ng6 Kxg6 45. h8=Q 1-0


[Site "https://www.chess.com"]

[Event "Titled Tuesday Blitz October 31 Late 2023"]
[White "Shubenkova, Veronika"]
[Black "Zavgorodniy, Sergiy"]
[WhiteFideId "44124040"]
[BlackFideId "14110148"]
[WhiteElo "2533"]
[BlackElo "2681"]
[Result "1/2-1/2"]
[Round "6"]
[TimeControl "180+1"]
[Date "2023.10.31"]
[WhiteClock "0:01:16"]
[BlackClock "0:01:32"]
[Board "52"]

1. e4 c6 2. d4 d5 3. Nc3 dxe4 4. Nxe4 Bf5 5. Ng3 Bg6 6. Nf3 Nd7 7. h4 h6 8. h5 Bh7 9. Bd3 Bxd3 10. Qxd3 e6 11. Bf4 Ngf6 12. c4 Be7 13. O-O-O b5 14. c5 Nd5 15. Bd2 O-O 16. Kb1 a5 17. Ne4 a4 18. g4 a3 19. b3 b4 20. g5 hxg5 21. Nexg5 Bxg5 22. Nxg5 N7f6 23. h6 g6 24. Nxe6 Qd7 25. Nxf8 Rxf8 26. Rde1 Kh7 27. Rhg1 Re8 28. Rxe8 Qxe8 29. Re1 Qd7 30. f4 Qg4 31. f5 g5 1/2-1/2


[Site "https://www.chess.com"]

[Event "Titled Tuesday Blitz October 31 Late 2023"]
[White "Mendez Fortes, Eduardo Jesus"]
[Black "Gurevich, Dmitry"]
[WhiteFideId "3502376"]
[BlackFideId "2000407"]
[WhiteElo "2677"]
[BlackElo "2535"]
[Result "0-1"]
[Round "6"]
[TimeControl "180+1"]
[Date "2023.10.31"]
[WhiteClock "0:00:57"]
[BlackClock "0:00:46"]
[Board "53"]

1. e4 c5 2. Nf3 d6 3. d4 cxd4 4. Nxd4 Nf6 5. Nc3 Nc6 6. Bg5 e6 7. Qd2 Be7 8. O-O-O O-O 9. h4 a6 10. Kb1 Nxd4 11. Qxd4 b5 12. f3 Bb7 13. g4 Rc8 14. a3 Qc7 15. Qd2 Rfd8 16. h5 h6 17. Bf4 Nh7 18. Be3 d5 19. exd5 Nf6 20. Bf4 e5 21. Be3 Nxd5 22. Nxd5 Bxd5 23. Qe2 b4 24. a4 b3 25. c4 Bxc4 26. Rxd8+ Qxd8 27. Qe1 Bd3+ 28. Ka1 Rc4 29. Bxd3 Rxa4+ 30. Kb1 Qxd3+ 31. Kc1 Ra1# 0-1


[Site "https://www.chess.com"]

[Event "Titled Tuesday Blitz October 31 Late 2023"]
[White "Iskusnyh, Sergei"]
[Black "Rosen, Eric"]
[WhiteFideId "4120027"]
[BlackFideId "2032562"]
[WhiteElo "2529"]
[BlackElo "2665"]
[Result "1-0"]
[Round "6"]
[TimeControl "180+1"]
[Date "2023.10.31"]
[WhiteClock "0:00:41"]
[BlackClock "0:00:03"]
[Board "54"]

1. d4 d5 2. c4 e6 3. Nf3 Nf6 4. g4 Nxg4 5. Nc3 Nf6 6. Qc2 Nbd7 7. Bg5 c6 8. O-O-O Be7 9. Rg1 O-O 10. e4 dxe4 11. Nxe4 Nxe4 12. Qxe4 Bxg5+ 13. Nxg5 Nf6 14. Qh4 b5 15. Bd3 g6 16. c5 Kg7 17. Rg3 Qd5 18. Rdg1 Rh8 19. Rf3 Qd8 20. Qf4 Qe7 21. Qe5 Rd8 22. Ne4 Rd5 23. Qxf6+ Qxf6 24. Nxf6 Rxd4 25. Ne8+ Kf8 26. Nd6 Bd7 27. Rxf7+ Kg8 28. Bxg6 Be8 29. Bxh7+ Kh8 30. Rg8# 1-0


[Site "https://www.chess.com"]

[Event "Titled Tuesday Blitz October 31 Late 2023"]
[White "Mystery2007"]
[Black "Tanaka, Taira Tyler"]
[BlackFideId "7002351"]
[WhiteElo "2480"]
[BlackElo "2660"]
[Result "1-0"]
[Round "6"]
[TimeControl "180+1"]
[Date "2023.10.31"]
[WhiteClock "0:01:06"]
[BlackClock "0:01:21"]
[Board "55"]

1. Nf3 b6 2. c4 Bb7 3. b3 Nf6 4. Bb2 g6 5. g3 Bg7 6. Bg2 O-O 7. O-O c5 8. e3 d5 9. cxd5 Bxd5 10. d4 Nbd7 11. Nbd2 Rc8 12. Qe2 cxd4 13. Bxd4 Qc7 14. e4 Bb7 15. e5 Nd5 16. e6 N7f6 17. exf7+ Rxf7 18. Ng5 Rff8 19. Ne6 Qc2 20. Nxf8 Rxf8 21. Qe6+ Kh8 22. Nc4 Bc8 23. Qe1 b5 24. Ne3 Nxe3 25. Qxe3 Bf5 26. Qxe7 a6 27. Rac1 Qd2 28. Rc7 Bd7 29. Rxd7 1-0


[Site "https://www.chess.com"]

[Event "Titled Tuesday Blitz October 31 Late 2023"]
[White "Goltsev, Dmitry"]
[Black "Mazurkiewicz, Michal"]
[WhiteFideId "24176710"]
[BlackFideId "1124943"]
[WhiteElo "2657"]
[BlackElo "2452"]
[Result "1-0"]
[Round "6"]
[TimeControl "180+1"]
[Date "2023.10.31"]
[WhiteClock "0:02:28"]
[BlackClock "0:01:55"]
[Board "56"]

1. e4 d6 2. Nf3 Nf6 3. Nc3 c6 4. a4 Bg4 5. d4 e6 6. h3 Bh5 7. Be2 d5 8. exd5 cxd5 9. g4 Bg6 10. Ne5 Nc6 11. Bb5 Qb6 12. a5 Qc7 13. a6 Rc8 14. axb7 Qxb7 15. Ra6 1-0


[Site "https://www.chess.com"]

[Event "Titled Tuesday Blitz October 31 Late 2023"]
[White "Matinian, Nikita"]
[Black "Zakarian, David"]
[WhiteFideId "24129100"]
[BlackFideId "13301276"]
[WhiteElo "2642"]
[BlackElo "2441"]
[Result "1-0"]
[Round "6"]
[TimeControl "180+1"]
[Date "2023.10.31"]
[WhiteClock "0:01:25"]
[BlackClock "0:00:31"]
[Board "57"]

1. d4 Nf6 2. c4 Nc6 3. d5 Ne5 4. Nf3 Nxf3+ 5. gxf3 g6 6. e4 d6 7. Nc3 Bg7 8. Be3 c6 9. Qd2 O-O 10. O-O-O a6 11. Kb1 cxd5 12. cxd5 b5 13. h4 h5 14. Bh6 Bd7 15. Rg1 b4 16. Ne2 a5 17. Nd4 Rc8 18. Bd3 Ba4 19. b3 Bd7 20. Ne6 fxe6 21. Rxg6 Rf7 22. Rdg1 Ne8 23. dxe6 Bxe6 24. Rxe6 Nf6 25. Bc4 Kh7 26. Rxg7+ Rxg7 27. Bxg7 Kxg7 28. Qg5+ Kh7 29. Bd3 Rc3 30. e5+ Rxd3 31. exf6 exf6 32. Qf5+ 1-0


[Site "https://www.chess.com"]

[Event "Titled Tuesday Blitz October 31 Late 2023"]
[White "Korpics, Zsolt"]
[Black "Volkov, Maksim"]
[WhiteFideId "705241"]
[BlackFideId "54123070"]
[WhiteElo "2404"]
[BlackElo "2641"]
[Result "1-0"]
[Round "6"]
[TimeControl "180+1"]
[Date "2023.10.31"]
[WhiteClock "0:02:48"]
[BlackClock "0:01:05"]
[Board "58"]

1. e4 c5 2. Nf3 d6 3. Nc3 Nf6 4. e5 dxe5 5. Nxe5 Qc7 6. d4 a6 7. g3 cxd4 8. Qxd4 Nc6 9. Nxc6 Qxc6 10. Bg5 Bg4 11. Bxf6 gxf6 12. Qxg4 Qxh1 13. Qa4+ b5 14. Nxb5 O-O-O 15. Qc4+ 1-0


[Site "https://www.chess.com"]

[Event "Titled Tuesday Blitz October 31 Late 2023"]
[White "Dmitrenko, Viktor"]
[Black "Haydon, David L"]
[WhiteFideId "14110270"]
[BlackFideId "415405"]
[WhiteElo "2380"]
[BlackElo "2623"]
[Result "0-1"]
[Round "6"]
[TimeControl "180+1"]
[Date "2023.10.31"]
[WhiteClock "0:00:00"]
[BlackClock "0:00:17"]
[Board "60"]

1. d4 Nf6 2. Bf4 d5 3. Nf3 e6 4. e3 Bd6 5. Ne5 c5 6. c3 Nc6 7. Nd2 Qc7 8. Ndf3 Nh5 9. Nxc6 Nxf4 10. Nce5 Ng6 11. Bb5+ Ke7 12. Nxg6+ hxg6 13. h4 b6 14. Qe2 Bb7 15. Ba6 Bc6 16. Bb5 Bb7 17. Ba6 Rh6 18. Bxb7 Qxb7 19. g3 Rah8 20. O-O-O Qc6 21. Kb1 Rc8 22. dxc5 bxc5 23. e4 dxe4 24. Ng5 f5 25. Qc4 Be5 26. Rhe1 Bf6 27. Nh3 g5 28. f3 exf3 29. hxg5 Rxh3 30. gxf6+ Kxf6 31. g4 Rh4 32. g5+ Kxg5 33. Rg1+ Rg4 34. Rxg4+ fxg4 35. Rg1 Qd5 36. Qxg4+ Kf6 37. Qxg7+ Kf5 38. Qg4+ Ke5 39. Qg3+ Ke4 40. Re1+ Kf5 41. Rg1 Qe4+ 42. Ka1 Qf4 43. Qg6+ Ke5 44. Re1+ Kd6 45. Qxe6+ Kc7 46. Qe7+ Kb8 47. Rf1 Rf8 48. Qd7 Qe5 49. Qb5+ Kc7 50. Qa5+ Kd6 51. Qa6+ Kd5 52. Qd3+ Ke6 53. a3 f2 54. Qa6+ Qd6 55. Qc4+ Qd5 56. Qg4+ Kd6 57. Qg6+ Ke7 0-1


[Site "https://www.chess.com"]

[Event "Titled Tuesday Blitz October 31 Late 2023"]
[White "Kornyukov, Alexey"]
[Black "Krishnan, Varun"]
[WhiteFideId "4150457"]
[BlackFideId "5054508"]
[WhiteElo "2321"]
[BlackElo "2615"]
[Result "1-0"]
[Round "6"]
[TimeControl "180+1"]
[Date "2023.10.31"]
[WhiteClock "0:00:11"]
[BlackClock "0:00:00"]
[Board "61"]

1. d4 Nf6 2. c4 g6 3. f3 Bg7 4. e4 d6 5. Nc3 O-O 6. Bg5 c5 7. d5 a6 8. a4 Qa5 9. Bd2 Qc7 10. Bg5 Nbd7 11. Nh3 Re8 12. Nf2 b6 13. Be2 Bb7 14. O-O e6 15. Qd2 exd5 16. exd5 Re7 17. f4 Rae8 18. Bd3 Bc8 19. h3 Nf8 20. f5 N8d7 21. Ng4 Nxg4 22. hxg4 Bd4+ 23. Kh2 f6 24. Bf4 g5 25. Bg3 Ne5 26. Bxe5 Rxe5 27. Rae1 Qg7 28. g3 Qe7 29. Ne4 h6 30. Kg2 Kg7 31. Re2 Bb7 32. Rfe1 b5 33. axb5 axb5 34. b3 bxc4 35. bxc4 Ba8 36. Rb1 Bxd5 37. cxd5 Rxd5 38. Nxc5 Qxe2+ 39. Bxe2 dxc5 40. Rb7+ Kh8 41. Bc4 Rde5 42. Qa2 Re1 43. Qa7 Rg1+ 44. Kh2 Re7 45. Rxe7 1-0


[Site "https://www.chess.com"]

[Event "Titled Tuesday Blitz October 31 Late 2023"]
[White "Karamsetty, Jeevan"]
[Black "Buscar, Michael"]
[WhiteFideId "2025337"]
[BlackFideId "2603616"]
[WhiteElo "2605"]
[BlackElo "2346"]
[Result "1-0"]
[Round "6"]
[TimeControl "180+1"]
[Date "2023.10.31"]
[WhiteClock "0:00:40"]
[BlackClock "0:00:10"]
[Board "62"]

1. e4 c5 2. Nc3 g6 3. g3 Bg7 4. Bg2 Nc6 5. d3 Nf6 6. Be3 d6 7. h3 O-O 8. Qd2 Re8 9. f4 Nd4 10. Nf3 Nd7 11. O-O Rb8 12. Qf2 Nxf3+ 13. Bxf3 Nf8 14. g4 Ne6 15. Ne2 Bxb2 16. Rab1 Bg7 17. f5 Nf8 18. Qh4 Qa5 19. Bh6 Qxa2 20. Bxg7 Kxg7 21. g5 gxf5 22. Nf4 Qxc2 23. Qh6+ Kg8 24. Nh5 Qc3 25. Nf6+ exf6 26. gxf6 Ne6 27. Kh1 Kh8 28. Rg1 Bd7 29. exf5 Rg8 30. fxe6 Bxe6 31. Be4 Rg6 32. Rxg6 fxg6 33. Qg7# 1-0


[Site "https://www.chess.com"]

[Event "Titled Tuesday Blitz October 31 Late 2023"]
[White "Florianovitz, Derlei Alex"]
[Black "Bartel, Michal"]
[WhiteFideId "2114178"]
[BlackFideId "1119257"]
[WhiteElo "2278"]
[BlackElo "2603"]
[Result "0-1"]
[Round "6"]
[TimeControl "180+1"]
[Date "2023.10.31"]
[WhiteClock "0:01:20"]
[BlackClock "0:02:08"]
[Board "63"]

1. e4 e5 2. Nf3 Nc6 3. Bb5 g6 4. O-O Bg7 5. c3 d6 6. h3 Bd7 7. Re1 Nge7 8. d4 O-O 9. Bg5 h6 10. Be3 Nxd4 11. Nxd4 exd4 12. Bxd7 dxe3 13. Ba4 exf2+ 14. Kxf2 Nc6 15. Bxc6 bxc6 16. Nd2 Rb8 17. Qc2 Re8 18. Rad1 Qg5 19. Nf3 Qc5+ 20. Kf1 Qc4+ 21. Kg1 Qxa2 22. Ra1 Qxb2 23. Qxb2 Rxb2 24. Rxa7 Bxc3 25. Rc1 Bb4 26. Rxc6 Bc5+ 27. Rxc5 dxc5 28. Rxc7 Rxe4 29. Rxc5 Ree2 30. Nh4 g5 31. Nf5 Rxg2+ 32. Kh1 Rgc2 33. Nxh6+ Kg7 34. Nf5+ Kf6 35. Rxc2 Rxc2 36. Ne3 Ra2 37. Ng4+ Ke6 38. Nh2 f5 39. Nf3 Kf6 40. Kg1 g4 41. hxg4 fxg4 42. Nd4 Ke5 43. Ne2 Rxe2 0-1


[Site "https://www.chess.com"]

[Event "Titled Tuesday Blitz October 31 Late 2023"]
[White "Osmonbekov, Talaibek"]
[Black "Roberson, Peter T"]
[WhiteFideId "2017253"]
[BlackFideId "412384"]
[WhiteElo "2265"]
[BlackElo "2601"]
[Result "0-1"]
[Round "6"]
[TimeControl "180+1"]
[Date "2023.10.31"]
[WhiteClock "0:00:38"]
[BlackClock "0:00:59"]
[Board "64"]

1. d4 Nf6 2. Nc3 c5 3. d5 g6 4. e4 Bg7 5. Nf3 O-O 6. e5 Ne8 7. h4 d6 8. Bf4 Bg4 9. Be2 Bxf3 10. Bxf3 dxe5 11. Be3 Nd7 12. h5 Nd6 13. Qc1 Nf5 14. Bg5 Nf6 15. g4 Nd4 16. Bd1 Nxd5 17. Bh6 Nf4 18. Bxg7 Kxg7 19. Qe3 Qd6 20. Qg3 Qc6 21. f3 g5 22. h6+ Kh8 23. Ne4 Rg8 24. c3 Nde6 25. Bc2 Qa6 26. O-O-O Ne2+ 0-1


[Site "https://www.chess.com"]

[Event "Titled Tuesday Blitz October 31 Late 2023"]
[White "Souza, Gustavo Horokoski De"]
[Black "Kozusek, Daniel"]
[WhiteFideId "2146584"]
[BlackFideId "349500"]
[WhiteElo "2206"]
[BlackElo "2597"]
[Result "0-1"]
[Round "6"]
[TimeControl "180+1"]
[Date "2023.10.31"]
[WhiteClock "0:00:31"]
[BlackClock "0:00:28"]
[Board "65"]

1. c4 e6 2. e4 c5 3. Nc3 Nc6 4. Nf3 Nf6 5. d3 d5 6. exd5 exd5 7. Be2 d4 8. Nb1 h6 9. O-O Bd6 10. Re1 O-O 11. h3 Bc7 12. Bf1 Qd6 13. Nbd2 Bf5 14. Rb1 Rfe8 15. a3 Rxe1 16. Qxe1 Re8 17. Qd1 a5 18. Be2 Nd7 19. Nf1 Nde5 20. Nxe5 Nxe5 21. Bf4 Nf3+ 22. Bxf3 Qxf4 23. Ng3 b6 24. Qc1 Qxc1+ 25. Rxc1 Bxd3 26. Nf1 Bf4 27. Rd1 Bc2 28. Ra1 d3 29. g3 Be5 30. Ne3 Bxb2 31. Ra2 Rxe3 32. fxe3 Bc3 33. Kf1 a4 34. Kg2 Kf8 35. Bd5 d2 36. Bf3 Be4 0-1


[Site "https://www.chess.com"]

[Event "Titled Tuesday Blitz October 31 Late 2023"]
[White "Curtis, John"]
[Black "Karttunen, Mika"]
[WhiteFideId "3200256"]
[BlackFideId "502081"]
[WhiteElo "2179"]
[BlackElo "2594"]
[Result "0-1"]
[Round "6"]
[TimeControl "180+1"]
[Date "2023.10.31"]
[WhiteClock "0:00:13"]
[BlackClock "0:00:14"]
[Board "66"]

1. d4 f5 2. Nf3 Nf6 3. g3 g6 4. Bg2 Bg7 5. O-O O-O 6. c4 d6 7. Nc3 c6 8. d5 e5 9. dxe6 Bxe6 10. b3 Qe7 11. Ba3 Rd8 12. Nd4 Bf7 13. Re1 Ne4 14. Nxe4 fxe4 15. Rb1 e3 16. f4 Na6 17. Bb2 d5 18. cxd5 Bxd5 19. Qd3 Nb4 20. Bxd5+ Rxd5 21. Qc4 Bxd4 22. Bxd4 b5 23. Qc3 Nxa2 24. Qxc6 Rad8 25. Ba1 Qd6 26. Qb7 Qd7 27. Qa6 Nb4 28. Qf6 Nc2 29. Qh8+ Kf7 30. Qxh7+ Ke8 31. Qxg6+ Qf7 32. Qc6+ Kf8 33. Qxc2 Kg8 34. Qb2 Kh7 35. Rbc1 Rd2 36. Qe5 R2d5 37. Rc7 Rxe5 38. Rxf7+ Kg6 39. Bxe5 Kxf7 40. Kg2 Rd2 41. Kf3 Ke6 42. Kxe3 Ra2 43. Ke4 Ra3 44. f5+ Kd7 45. b4 Ra4 46. Rc1 a5 47. Kd5 Rxb4 48. Rc7+ Kd8 49. Ra7 a4 50. Bd6 Rb2 51. Ke6 Rxe2+ 52. Be5 Kc8 53. Rc7+ Kd8 54. Rb7 Rxe5+ 55. Kxe5 a3 56. f6 a2 57. f7 a1=Q+ 58. Ke6 Qa2+ 59. Kd6 Qd2+ 60. Ke6 Qe2+ 61. Kd6 Qd3+ 62. Ke6 Qc4+ 63. Kd6 Qb4+ 64. Ke6 Kc8 65. Re7 Qc4+ 66. Kf6 Qd4+ 67. Kg6 Qd6+ 68. Re6 Qxe6+ 69. Kg7 Qe7 70. Kg8 Qg5+ 71. Kh7 Qf6 72. Kg8 Qg6+ 73. Kf8 Kd7 74. h4 Ke6 75. Ke8 Qxf7+ 76. Kd8 Qd7# 0-1


[Site "https://www.chess.com"]

[Event "Titled Tuesday Blitz October 31 Late 2023"]
[White "Djordjevic, Vuk"]
[Black "Suarez Uriel, Adrian"]
[WhiteFideId "902098"]
[BlackFideId "22230874"]
[WhiteElo "2764"]
[BlackElo "2491"]
[Result "1-0"]
[Round "6"]
[TimeControl "180+1"]
[Date "2023.10.31"]
[WhiteClock "0:00:57"]
[BlackClock "0:00:54"]
[Board "67"]

1. d4 Nf6 2. Bg5 c5 3. Bxf6 gxf6 4. d5 d6 5. c4 f5 6. Nc3 Bg7 7. Qc2 e6 8. e3 Nd7 9. Be2 a6 10. dxe6 fxe6 11. Bh5+ Kf8 12. Nh3 Nf6 13. Bf3 h6 14. Nf4 Kf7 15. Rd1 Qe7 16. O-O Rb8 17. e4 fxe4 18. Nxe4 Nxe4 19. Bh5+ Kg8 20. Qxe4 Bd7 21. Ng6 Qg5 22. Bg4 Bc6 23. Bxe6+ Kh7 24. Nf8# 1-0


[Site "https://www.chess.com"]

[Event "Titled Tuesday Blitz October 31 Late 2023"]
[White "Molenda, Marcin"]
[Black "Mekhitarian, Krikor Sevag"]
[WhiteFideId "1173065"]
[BlackFideId "2107660"]
[WhiteElo "2486"]
[BlackElo "2747"]
[Result "1/2-1/2"]
[Round "6"]
[TimeControl "180+1"]
[Date "2023.10.31"]
[WhiteClock "0:00:07"]
[BlackClock "0:00:05"]
[Board "68"]

1. e4 e6 2. d4 d5 3. Nd2 c5 4. exd5 Qxd5 5. Ngf3 cxd4 6. Bc4 Qd7 7. O-O Nc6 8. Re1 Nf6 9. Nb3 a6 10. Nbxd4 Nxd4 11. Nxd4 Qc7 12. Bb3 Bd6 13. h3 O-O 14. Bg5 Bh2+ 15. Kh1 Be5 16. c3 h6 17. Bh4 g5 18. Rxe5 Qxe5 19. Bg3 Qc5 20. Qe2 Re8 21. Nf3 Nh5 22. Ne5 Nxg3+ 23. fxg3 Kg7 24. Rf1 f6 25. Nd3 Qe7 26. Bc2 Bd7 27. Ne5 Rf8 28. Qd3 f5 29. Qxd7 Qxd7 30. Nxd7 Rfe8 31. Re1 Rad8 32. Nc5 Kf6 33. Nxb7 Rb8 34. Nd6 Red8 35. Nc4 Rd5 36. b3 Rc5 37. Bd3 Rd5 38. Bf1 a5 39. Kg1 a4 40. Re3 axb3 41. axb3 Rxb3 42. Kf2 Rb1 43. Be2 Rc1 44. h4 Rc5 45. Rf3 Kg6 46. hxg5 hxg5 47. g4 f4 48. Bd3+ Kf6 49. g3 Rxc3 50. gxf4 gxf4 51. Rxf4+ Kg5 52. Rd4 Rxd3 53. Rxd3 Rxc4 54. Kf3 Rf4+ 55. Ke3 Rxg4 56. Rd8 Kf5 57. Rf8+ Ke5 58. Ra8 Rg3+ 59. Kf2 Rd3 60. Ra4 Rd4 61. Ra3 Kd5 62. Ke2 e5 63. Rb3 Ke4 64. Rh3 Kf5 65. Kf2 Rf4+ 66. Ke2 Rg4 67. Ra3 Rg2+ 68. Kf1 Rh2 69. Ke1 Rh6 70. Rb3 Rd6 71. Ke2 Ke4 72. Ra3 Rd4 73. Rb3 Rc4 74. Re3+ Kd5 75. Rd3+ Rd4 76. Ra3 Rh4 77. Rb3 Ke6 78. Ra3 Kf5 79. Rb3 Kf4 80. Ra3 Rh2+ 81. Kf1 Rd2 82. Rb3 Ke4 83. Ke1 Rd3 84. Rb5 Kf4 85. Rb2 e4 86. Rf2+ Ke3 87. Re2+ Kf3 88. Rf2+ Ke3 89. Re2+ Kd4 90. Ra2 Rb3 91. Ke2 Rh3 92. Ra4+ Ke5 93. Ra8 Rh2+ 94. Ke1 Kf4 95. Ra3 Rc2 96. Rb3 Rc4 97. Ra3 Ke5 98. Rb3 Kd4 99. Ke2 Rc2+ 100. Ke1 Rc3 101. Rb2 Ke3 102. Re2+ Kf4 103. Rf2+ Rf3 104. Ra2 Rh3 105. Rf2+ Ke5 106. Ra2 Rh1+ 107. Kf2 Rh2+ 108. Ke3 Rxa2 1/2-1/2


[Site "https://www.chess.com"]

[Event "Titled Tuesday Blitz October 31 Late 2023"]
[White "Martinez Ramirez, Lennis"]
[Black "Seletsky, Grigory"]
[WhiteFideId "3509079"]
[BlackFideId "14112191"]
[WhiteElo "2692"]
[BlackElo "2474"]
[Result "0-1"]
[Round "6"]
[TimeControl "180+1"]
[Date "2023.10.31"]
[WhiteClock "0:00:47"]
[BlackClock "0:00:36"]
[Board "69"]

1. e4 e6 2. d4 d5 3. Nc3 Nc6 4. Nf3 Nf6 5. Bg5 Be7 6. Bxf6 Bxf6 7. e5 Be7 8. Ne2 b6 9. Ng3 Bb7 10. c3 g6 11. h4 h5 12. Qd2 Na5 13. Bb5+ Bc6 14. Be2 Bb7 15. Qf4 c5 16. O-O Qd7 17. a4 a6 18. Ng5 Bxg5 19. Qxg5 Qe7 20. b4 Qxg5 21. hxg5 cxb4 22. cxb4 Nc6 23. Rfd1 Nxb4 24. a5 b5 25. Rac1 Kd7 26. Nf1 Rac8 27. Ra1 Rc3 28. Ne3 Rhc8 29. Rd2 Rc1+ 30. Rd1 Rxa1 31. Rxa1 Nc6 32. Rd1 Nxa5 33. g4 hxg4 34. Nxg4 Nc6 35. Kg2 Rh8 36. Kf3 Kc7 37. Ke3 Kb6 38. Nh6 Rh7 39. Rd3 a5 40. Kd2 b4 41. Bd1 Ba6 42. Rf3 Nxd4 43. Rf4 Nf5 44. Ba4 Bb5 45. Bc2 Kc5 46. Bxf5 gxf5 47. Rh4 a4 48. f4 Bc4 49. Rh1 a3 50. Rb1 a2 51. Ra1 Kd4 52. Rh1 b3 53. Nxf5+ exf5 54. Rxh7 a1=Q 0-1


[Site "https://www.chess.com"]

[Event "Titled Tuesday Blitz October 31 Late 2023"]
[White "Kubicka, Anna"]
[Black "Olsen, Filip Boe"]
[WhiteFideId "1152254"]
[BlackFideId "1440640"]
[WhiteElo "2468"]
[BlackElo "2654"]
[Result "1-0"]
[Round "6"]
[TimeControl "180+1"]
[Date "2023.10.31"]
[WhiteClock "0:00:16"]
[BlackClock "0:00:15"]
[Board "70"]

1. e4 c5 2. Ne2 a6 3. g3 b5 4. Bg2 Bb7 5. O-O d6 6. c3 Nf6 7. Qc2 Nc6 8. d4 Rc8 9. e5 Nd7 10. e6 fxe6 11. Nf4 Nf6 12. Nxe6 Qd7 13. Bh3 cxd4 14. Nxg7+ Bxg7 15. Bxd7+ Kxd7 16. Bg5 d3 17. Qd1 h6 18. Bxf6 Bxf6 19. f4 h5 20. Qxd3 Rcg8 21. Nd2 h4 22. Ne4 hxg3 23. hxg3 Rh6 24. Nc5+ Kc7 25. Nxb7 Kxb7 26. Kg2 Rhg6 27. Rf3 R6g7 28. Rh1 b4 29. Rh7 Rxh7 30. Qxh7 Rg7 31. Qe4 Kc7 32. a3 bxa3 33. bxa3 a5 34. Rf2 Kd7 35. Rb2 Nd8 36. Rb8 Bh4 37. Qa4+ Ke6 38. Rxd8 Rxg3+ 39. Kh2 Rg4 40. Qd7+ Kf6 41. Qxg4 Bf2 42. Rf8# 1-0


[Site "https://www.chess.com"]